AoeStats
← cisi1982

Arabia

509300602Analyzed
1v1 RM · 7d ago on Sep 26, 2026· 19m 41s· 2 players
Game mode
Random Map
Map size
Tiny (2 player)
Population
200
Speed
Normal
Resources
Standard
Victory
Conquest
Starting age
Dark Age
Ending age
Imperial Age
RankedLock teamsTeams togetherTeam positionsShared explorationLock speedFull tech treeHidden civsTurbo modeCheats
Victory
Defeat
🇨🇳 Poles · China
932
+17
🇨🇿 Inca · Czechia
953
-17
TFOalche
6:36 Loom
9:30 Feudal Age
15:35 Forging
16:21 Scale Barding Armor
17:21 Bloodlines
cisi1982
5:44 Loom
11:02 Feudal Age
9:18 Loom
16:55 Champi Runner
Connection lost

Rejoining the realm…

Still unreachable

The connection could not be restored.

Session expired

The server has moved on; the page needs a fresh start.